 Dungeon Crawl Stone Soup version 0.27-a0-681-g0c81a3c1c3 (webtiles) character file.

Game seed: 8421152029919100599

655 Lanoc the Cudgeller (level 7, -3/58 HPs)
             Began as a Palentonga Chaos Knight on Mar 20, 2021.
             Was a Plaything of Xom.
             Slain by an ogre
             ... wielding a +0 giant club
              (20 damage)
             ... on level 4 of the Dungeon.
             The game lasted 00:06:32 (4094 turns).

Lanoc the Cudgeller (Palentonga Chaos Knight)       Turns: 4094, Time: 00:06:33

Health: -3/58      AC: 13    Str: 16    XL:     7   Next: 29%
Magic:  7/7        EV: 10    Int: 12    God:    Xom [...*..]
Gold:   163        SH:  0    Dex: 11    Spells: 6/6 levels left

rFire    . . .     SeeInvis +   a - +0 mace (chaos)
rCold    . . .     Faith    .   (no shield)
rNeg     . . .     Spirit   .   b - +2 leather armour
rPois    .         Reflect  .   (no helmet)
rElec    .         Harm     .   (no cloak)
rCorr    .         Rampage  .   (no gloves)
Will     .....     Clarity  +   (no barding)
Stlth    +.........             (no amulet)
HPRegen  0.19/turn              (no ring)
MPRegen  0.10/turn              (no ring)

@: curled up
A: large, rugged brown scales 3, see invisible, deformed body, roll 1, armoured
tail, reflexive curl, clarity, mutation resistance 1
a: Rolling Charge, Renounce Religion


You were on level 4 of the Dungeon.
You worshipped Xom.
You were a favourite toy of Xom.
You visited 1 branch of the dungeon, and saw 5 of its levels.

You collected 163 gold pieces.

Inventory:

Hand Weapons
 a - a +0 mace of chaos (weapon)
Armour
 b - a +2 leather armour (worn)
 h - a +0 tower shield
Scrolls
 c - a scroll of holy word {unknown}
 d - a scroll of vulnerability {unknown}
 e - a scroll of enchant weapon {unknown}
 f - a scroll of identify {unknown}
 g - a scroll of teleportation {unknown}
 i - a scroll of summoning {unknown}
Potions
 j - a potion of degeneration {unknown}
Miscellaneous
 k - a condenser vane


   Skills:
 + Level 4.9 Fighting
 * Level 6.4 Maces & Flails
 - Level 1.5 Armour
 + Level 3.2 Dodging


You had 6 spell levels left.
You didn't know any spells.
Your spell library contained the following spells:

 Spells                   Type           Power      Damage    Failure   Level
 Confusing Touch          Hex            0%         N/A       77%         3
 Gell's Gravitas          Tloc           0%         N/A       77%         3
 Petrify                  Tmut/Erth      0%         N/A       99%         4
 Metabolic Englaciation   Hex/Ice        0%         N/A       100%        5
 Yara's Violent Unravell  Hex/Tmut       0%         3d3       100%        5


Dungeon Overview and Level Annotations

Branches:
Dungeon (5/15)
 Temple: D:4-7

Altars:
Hepliaklqana
Kikubaaqudgha
Nemelex Xobeh
Ru
Vehumet
Xom
Zin


Innate Abilities, Weirdness & Mutations

You are completely covered in rugged brown scales. (AC +3, +7% HP)
You have supernaturally acute eyesight. (SInv)
Armour fits poorly on your strangely shaped body.
You can roll at nearby foes to attack.
You have a long armoured tail.
You curl defensively after being hit.
You possess an exceptional clarity of mind.
You are somewhat resistant to further mutation.


Message History

The orc wizard is moderately wounded.
You feel sick.
The orc wizard hits you with a +1 dagger of venom.
You closely miss the orc wizard.
The orc wizard is moderately wounded.
You feel sick. The orc wizard closely misses you.
Found a hazy altar of Hepliaklqana.
You feel sick.
There is a stone staircase leading up here.
You climb upwards.
You feel sick.
There is a stone staircase leading down here.
You hit the orc wizard.
You kill the orc wizard!
You feel sick.
You feel sick.
You feel sick.
You are no longer poisoned.
HP restored.
Things that are here:
a +1 dagger of venom; a +0 robe You open the door.
Found a short sword.
Found a stone staircase leading down.
There is an open door here.
You see here a +0 short sword.
You open the door.
There is an open door here.
An ogre comes into view. It is wielding a +0 giant club.
The ogre shouts!
You roll forward with a clatter of scales!
You sock the ogre! You burn the ogre.
The ogre is heavily wounded.
The ogre hits you with a +0 giant club!!
You hit the ogre.
The ogre is heavily wounded.
The ogre hits you with a +0 giant club!!
* * * LOW HITPOINT WARNING * * *
You hit the ogre. You freeze the ogre.
The ogre is severely wounded.
The ogre hits you with a +0 giant club!!
You die...

#........ #.####### #.#
## #.# ##.# #.#
##...###########.# ##
#.....#........#.# #.
..?.....°..###.#.######<
.....#@##............#.
#.. #O######....#.#... #
#...............#.
#########...#####. ##.##
## #.# #.# ##'## #
##...## ##


You could see an ogre.

Vanquished Creatures
  A sky beast (D:5)
  An ogre (D:4)
  A howler monkey (D:3)
  A quasit (D:5)
  An orc priest (D:4)
  An iguana (D:4)
  4 orc wizards
  2 worker ants
  8 adders
  A shadow imp (D:5)
  A white imp (D:5)
  2 oozes
  An adder skeleton (D:4)
  3 leopard geckos
  10 orcs
  3 ball pythons
  A giant cockroach (D:3)
  10 hobgoblins
  9 jackals
  6 bats
  A frilled lizard (D:1)
  6 goblins
  2 kobolds
  2 rats
78 creatures vanquished.

Vanquished Creatures (collateral kills)
  An iguana (D:4)
  A worker ant (D:4)
  An adder (D:4)
  An orc (D:4)
  A jackal (D:4)
5 creatures vanquished.

Grand Total: 83 creatures vanquished

Notes
Turn   | Place    | Note
-------+----------+-------------------------------------------
     0 | D:1      | Lanoc the Palentonga Chaos Knight began the quest for the
                  | Orb.
     0 | D:1      | Reached XP level 1. HP: 19/19 MP: 1/1
   126 | D:1      | Reached skill level 1 in Dodging
   188 | D:1      | XOM: smoke on damage
   190 | D:1      | Reached XP level 2. HP: 23/25 MP: 2/2
   285 | D:1      | XOM: silly message
   519 | D:2      | Found a radiant altar of Vehumet.
   548 | D:2      | Reached XP level 3. HP: 31/31 MP: 3/3
   857 | D:2      | Found a sparkling altar of Nemelex Xobeh.
   860 | D:2      | Reached skill level 4 in Maces & Flails
   875 | D:2      | Reached XP level 4. HP: 35/37 MP: 4/4
   956 | D:3      | Found a faded altar of an unknown god.
  1176 | D:3      | XOM: divination: detect items
  1229 | D:3      | Found a shimmering altar of Xom.
  1229 | D:3      | Noticed an angel
  1231 | D:3      | Found a glowing silver altar of Zin.
  1271 | D:3      | XOM: potion effect (heal wounds)
  1276 | D:3      | Reached XP level 5. HP: 44/44 MP: 5/5
  1328 | D:3      | XOM: silly message
  1558 | D:3      | XOM: silly message
  1630 | D:3      | Found a sacrificial altar of Ru.
  1678 | D:3      | XOM: summons 3 hostile demons
  1685 | D:3      | XOM: give mutations
  1685 | D:3      | Gained mutation: You are somewhat resistant to further
                  | mutation. [Xom's mischief]
  1685 | D:3      | Gained mutation: You possess an exceptional clarity of
                  | mind. [Xom's mischief]
  1685 | D:3      | Gained mutation: Your muscles are strong. (Str +2) [Xom's
                  | mischief]
  2259 | D:3      | Reached skill level 5 in Maces & Flails
  2485 | D:4      | Noticed an ogre
  2488 | D:4      | XOM: summons 3 friendly demons
  2494 | D:4      | Killed an ogre
  2495 | D:4      | Reached XP level 6. HP: 35/51 MP: 6/6
  2553 | D:4      | XOM: silly message
  2616 | D:4      | XOM: polymorph orc priest -> iguana
  2618 | D:4      | XOM: summons 4 friendly demons
  2635 | D:4      | XOM: god gift: condenser vane
  2931 | D:4      | XOM: give mutations
  2931 | D:4      | Gained mutation: You are agile. (Dex +2) [Xom's mischief]
  2931 | D:4      | Lost mutation: You are agile. (Dex +2) [Xom's mischief]
  2931 | D:4      | Lost mutation: Your muscles are strong. (Str +2) [Xom's
                  | mischief]
  2956 | D:4      | XOM: silly message
  2957 | D:4      | Found an ancient bone altar of Kikubaaqudgha.
  3566 | D:4      | XOM: summons 4 hostile demons
  3567 | D:4      | Noticed a ynoxinul
  3587 | D:5      | Entered Level 5 of the Dungeon
  3690 | D:5      | Noticed a sky beast
  3698 | D:5      | Reached skill level 6 in Maces & Flails
  3704 | D:5      | Gained mutation: You curl defensively after being hit.
                  | [Palentonga growth]
  3704 | D:5      | Reached XP level 7. HP: 44/58 MP: 7/7
  3835 | D:5      | Found a hazy altar of Hepliaklqana.
  4094 | D:4      | Slain by an ogre

Illustrated notes

Levels and vault maps discovered:
D:1:      co_arrival_random_square_maze, layout_loops_ring, minivault_27,
          minmay_octomino_e4
D:2:      layout_loops_ring, vehumet_crystals, nemelex_xobeh_ov_fountains_minmay
D:3:      layout_basic, grunt_temple_overflow_order_and_chaos_1,
          general_overflow_altar, chequers_ecumenical_altar_island, minivault_19
D:4:      layout_loops_corners, nicolae_sif_muna_little_library,
          lemuel_crystal_altar, serial_bayou, serial_bayou_pond_c,
          serial_bayou_pond_e, serial_bayou_pond_e, serial_bayou_ford_a
D:5:      layout_basic, lemuel_coloured_pillars_altar, basic_altar

Skill      XL: |  1  2  3  4  5  6 |
---------------+-------------------+-----
Dodging        | 1 2 3 |  3.2
Maces & Flails | 4 5 6 |  6.4
Fighting       | 4 |  4.9
Armour         | |  1.5

Action                   |  1- 3 |  4- 6 |  7- 9 || total
-------------------------+-------+-------+-------++-------
Melee: Mace              |    76 |   164 |    28 ||   268
       Tailslap          |     3 |    17 |     2 ||    22
 Abil: Rolling Charge    |    17 |    31 |     6 ||    54
  Use: Potion            |       |     5 |       ||     5
 Stab: Paralysed         |       |     2 |       ||     2
       Distracted        |       |     1 |       ||     1
Armor: Leather armour    |    46 |    81 |     7 ||   134
Dodge: Dodged            |    45 |   100 |     5 ||   150

Table legend: (Time is in decaauts)
 A = Elapsed time spent in this place.
 B = Non-inter-level travel time spent in this place.
 C = Inter-level travel time spent in this place.
 D = Time resting spent in this place.
 E = Time spent auto-exploring this place.
 F = Levels seen in this place.
 G = Mean time per level.
                   A        B        C        D        E       F      G
               +--------+--------+--------+--------+--------+-----+--------+
         Total |   4176 |   4155 |     21 |      0 |   3604 |   5 |  835.2 |
       Dungeon |   4176 |   4155 |     21 |      0 |   3604 |   5 |  835.2 |
               +--------+--------+--------+--------+--------+-----+--------+

Top non-repeatable levels by time:
     D:3: 1500 daAuts
     D:4: 1454 daAuts
     D:2: 513 daAuts
     D:1: 451 daAuts
     D:5: 256 daAuts
